Description

The marine stim timing hits zerg early and with aggro. To beat the timing while going for an economic advantage some tweaks to your play must be made.

Replay - Apotheosis LE (141) beat Elite ai stim timing

Build Order

Get SALT Encoding   

  12  0:01  Drone  
  13  0:12  Overlord  
  13  0:21  Drone  
  14  0:31  Drone  
  14  0:32  Drone  
  14  0:35  Drone  
  17  0:54  Hatchery  
  16  0:57  Drone  
  16  1:02  Extractor  
  16  1:03  Drone  
  17  1:18  Spawning Pool  
  16  1:20  Drone  
  16  1:25  Drone  
  18  1:36  Drone  
  19  1:45  Overlord  
  19  1:52  Drone  
  20  2:04  Drone  
  20  2:06  Queen x2  
  25  2:11  Drone  
  25  2:12  Drone  
  27  2:20  Drone  
  27  2:22  Drone  
  29  2:25  Extractor, Metabolic Boost  
  28  2:30  Baneling Nest  
  28  2:35  Drone  
  28  2:37  Drone  
  29  2:44  Drone  
  30  2:45  Drone  
  31  2:52  Drone  
  31  2:54  Drone  
  33  3:04  Overlord  
  33  3:10  Hatchery  
  32  3:13  Drone  
  32  3:16  Zergling x2  
  34  3:26  Drone  
  34  3:27  Drone  
  36  3:28  Drone x3  
  39  3:44  Zergling x2  
  39  3:45  Zergling x4  
  42  3:49  Zergling x2  
  42  3:50  Zergling x2  
  42  3:53  Spine Crawler  
  43  3:55  Spine Crawler  
  43  4:01  Spine Crawler  
  43  4:02  Zergling x4  
  43  4:03  Overlord  
  43  4:12  Baneling  
  43  4:13  Baneling x2  
  36  4:31  Zergling x6  
  36  4:32  Zergling x4  
  36  4:33  Zergling x14  
  36  4:34  Zergling x2  
  44  5:09  Queen  
  35  5:43  Drone x3, Zergling x4  
  35  5:44  Drone x4  
  35  5:45  Drone x3  
  35  5:46  Drone x6  
  35  5:49  Queen  
  53  5:50  Queen  
  53  5:53  Extractor  
  53  5:55  Extractor  
  55  6:01  Drone x2  
  57  6:07  Baneling x3  
  57  6:08  Baneling, Lair  
  57  6:17  Extractor  
  56  6:29  Roach Warren  
  55  6:41  Zergling x2  
  55  6:42  Zergling x4  
  55  6:43  Overlord x3  
  55  6:45  Overlord x2  
  58  6:54  Evolution Chamber  
  58  6:55  Evolution Chamber  
  58  7:00  Drone x2  
  58  7:02  Drone x6  
  58  7:05  Drone x2  
  58  7:06  Drone x3  
  69  7:24  Centrifical Hooks  
  69  7:30  Zerg Melee Weapons Level 1  
  69  7:31  Zerg Ground Armor Level 1  
  69  7:35  Glial Reconstitution  
  69  7:37  Roach x2  
  69  7:38  Roach x4  
  69  7:39  Roach x4  
  69  7:40  Roach x4  
  69  7:41  Overlord x2, Zergling x2  
  98  7:49  Burrow  
  98  7:50  Pneumatized Carapace  
  98  8:01  Overlord x4  
  98  8:03  Roach x3  
  104  8:26  Overlord x2, Roach x2  
  108  8:28  Roach x2  
  108  8:29  Roach x6  
  108  8:34  Overseer x2  
  124  8:56  Zergling x6  
  124  8:57  Zergling x4  
  129  9:15  Roach  
  129  9:16  Roach x3  
  129  9:17  Overlord x2, Roach x2  
  141  9:18  Roach  
  143  9:29  Infestation Pit  
  142  9:34  Hydralisk Den  
  141  9:50  Roach x5  
  141  9:51  Roach  
  141  9:52  Roach x2  
  159  9:53  Roach x4  
  159  9:54  Overlord x2  
  159  9:55  Roach x3  
  159  9:56  Roach  
Spawning Tool Build Advisor. Get it on Overwolf

Analysis

Early spines will help defend against the aggro terran push. A third base will help to secure a late game victory by putting zerg ahead in economy

Go to:

Details

  • Created by: Scouter
  • Published on: Sep 26, 2016
  • Modified on: Sep 26, 2016
  • Patch: Pre-3.8.0
Show
View Real Time Build Order
Export as new Build Order

Comments (1)

On Sept. 26, 2016, 9:42 p.m., Scouter  said:

This build is the basis for what will become a solid eco build vs terran. Please note this build is in the works and there are many errors.

Create an account to comment!